AoeStats
← bani4bani

Arabia

508697148Analyzed
1v1 RM · 9d ago on Sep 23, 2026· 49m 18s· 2 players
Game mode
Random Map
Map size
Tiny (2 player)
Population
200
Speed
Normal
Resources
Standard
Victory
Conquest
Starting age
Dark Age
Ending age
Imperial Age
RankedLock teamsTeams togetherTeam positionsShared explorationLock speedFull tech treeHidden civsTurbo modeCheats
Victory
Defeat
🇶🇦 Lithuanians · Qatar
721
+14
🇦🇷 Cumans · Argentina
684
-17
LandwardLake875
9:03 Loom
11:24 Feudal Age
20:54 Double-Bit Axe
48:20 Fletching
48:31 Padded Archer Armor
bani4bani
7:19 Loom
10:22 Feudal Age
11:29 Double-Bit Axe
15:25 Scale Barding Armor
22:58 Castle Age
21:22 Stone Mining
25:41 Man-at-Arms
27:12 Light Cavalry
34:21 Gold Mining
48:35 Imperial Age
45:30 Elite Skirmisher
Connection lost

Rejoining the realm…

Still unreachable

The connection could not be restored.

Session expired

The server has moved on; the page needs a fresh start.